 Dungeon Crawl Stone Soup version 0.31-a0-716-gc7603755dd (webtiles) character file.

Game seed: 10404894156509159473

2995 Joey1 the Cleaver (level 9, -1/74 HPs)
             Began as a Minotaur Berserker on Sept 10, 2023.
             Was an Elder of Trog.
             Slain by a fire elemental (12 damage)
             ... summoned by a deep elf pyromancer
             ... on level 8 of the Dungeon.
             The game lasted 00:12:39 (6020 turns).

Joey1 the Cleaver (Minotaur Berserker)              Turns: 6020, Time: 00:12:39

Health: -1/74      AC: 13    Str: 26    XL:     9   Next: 54%
Magic:  8/8        EV:  9    Int:  4    God:    Trog [****..]
Gold:   289        SH: 11    Dex: 10    Spells: 8/8 levels left

rFire   . . .        K - +1 war axe
rCold   . . .        i - +1 kite shield
rNeg    . . .        c - +0 chain mail
rPois   .            F - +2 hat
rElec   .            (no cloak)
rCorr   .            G - +0 pair of gloves
SInv    +            x - +0 pair of boots
Will    +++..        B - amulet of regeneration Stlth
                     s - ring of see invisible
HPRegen 2.12/turn    o - ring of willpower
MPRegen 0.11/turn

%: no passive effects
@: strong-willed (expiring), on berserk cooldown, regenerating (expiring),
slowed, very slow
A: horns 2, retaliatory headbutt
a: Renounce Religion, Berserk, Trog's Hand, Brothers in Arms


You were on level 8 of the Dungeon.
You worshipped Trog.
Trog was greatly pleased with you.
You visited 1 branch of the dungeon, and saw 8 of its levels.

You collected 289 gold pieces.

Inventory:

Hand Weapons
 a - a +0 hand axe
 A - a +2 whip of electrocution
 K - a +1 war axe (weapon)
Missiles
 y - 9 poisoned darts
Armour
 b - a +0 animal skin
 c - a +0 chain mail (worn)
 i - a +1 kite shield (worn)
 x - a +0 pair of boots (worn)
 F - a +2 hat (worn)
 G - a +0 pair of gloves (worn)
Jewellery
 l - a ring of flight
 o - a ring of willpower (right hand)
 s - a ring of see invisible (left hand)
 B - an amulet of regeneration (around neck)
Wands
 t - a wand of flame (26)
 z - a wand of charming (5)
 C - a wand of iceblast (2)
 H - a wand of light (9)
 I - a wand of digging (3)
Scrolls
 f - 2 scrolls of fog
 g - 4 scrolls of enchant armour
 h - 3 scrolls of teleportation
 j - a scroll of noise {unknown}
 n - a scroll of silence {unknown}
 q - a scroll of enchant weapon
 r - a scroll of torment {unknown}
 u - 2 scrolls of immolation {unknown}
 v - a scroll of fear {unknown}
 D - a scroll of revelation {unknown}
Potions
 d - a potion of curing
 e - 3 potions of heal wounds {unknown}
 k - 4 potions of lignification
 m - a potion of berserk rage {unknown}
 p - 2 potions of haste {unknown}
 E - a potion of ambrosia {unknown}
 J - a potion of mutation {unknown}


   Skills:
 - Level 5.0 Fighting
 + Level 11.7 Axes
 - Level 3.0 Armour
 - Level 4.0 Dodging
 - Level 10.0 Shields


You had 8 spell levels left.
You didn't know any spells.
Your spell library was empty.

Dungeon Overview and Level Annotations

Branches:
Dungeon (8/15)             Temple (0/1) D:6
   Lair: D:8-11

Altars:
Ashenzari
Nemelex Xobeh
Okawaru

Shops:
D:3 :

Annotations:
D:2 1 runed translucent door, Crazy Yiuf
D:5 3 runed translucent doors, ooooo's ghost, novice OpFE
D:7 3 runed translucent doors, Mightysalt's ghost, novice DrFE


Innate Abilities, Weirdness & Mutations

You have a pair of horns on your head.
You reflexively headbutt those who attack you in melee.


Message History

You hit the deep elf pyromancer.
The deep elf pyromancer is heavily wounded.
You slash the fire elemental! The fire elemental hits you.
The fire elemental burns you!
* * * LOW HITPOINT WARNING * * *
The deep elf pyromancer gestures at you while chanting.
The sticky flame misses you.
You slice the deep elf pyromancer!!
The deep elf pyromancer is almost dead.
You barely miss the fire elemental. x2; The fire elemental hits you.
The fire elemental burns you!
* * * LOW HITPOINT WARNING * * *
The fire elemental hits you. The fire elemental burns you!
* * * LOW HITPOINT WARNING * * *
The deep elf pyromancer casts a spell.
The deep elf pyromancer blinks!
You feel a strong urge to attack something.
You are no longer berserk.
You are exhausted.
You feel yourself slow down.
You feel the effects of Trog's Hand fading.
The deep elf pyromancer gestures wildly while chanting.
The deep elf pyromancer blinks!
There is an open door here.
Okay, then.
Okay, then.
You feel better.
You block the fire elemental's attack. x2
The fire elemental hits you. The fire elemental burns you!
* * * LOW HITPOINT WARNING * * *
The fire elemental barely misses you.
You feel better. The fire elemental hits you. The fire elemental burns you!
* * * LOW HITPOINT WARNING * * *
The deep elf pyromancer gestures wildly while chanting.
The deep elf pyromancer blinks!
You block the fire elemental's attack. The fire elemental closely misses you.
The fire elemental hits you. The fire elemental burns you!
* * * LOW HITPOINT WARNING * * *
You block the fire elemental's attack. The fire elemental barely misses you.
You feel better. The fire elemental hits you. The fire elemental burns you!
You die...

#......########.....#
##+###.<.................#
.....)...................#
.....))<.................#
........)................#
.........................#
................e........#
...#########...EEE.......#
... #####@###.....# ..
..........# ....#
..........# ...#
..##......# ..# #......#
.# #......# # #......#
.......#


You could see a deep elf pyromancer and 3 fire elementals.

Vanquished Creatures
  Sigmund (D:7)
  Edmund (D:7)
  Duvessa (D:6)
  2 water moccasins
  2 sky beasts (D:6)
  2 ice beasts (D:7)
  An ogre (D:5)
  3 phantoms
  A kobold brigand (D:7)
  A bullfrog (D:7)
  2 scorpions
  A gnoll sergeant (D:5)
  9 wights
  Dowan (D:6)
  3 killer bees (D:5)
  A howler monkey (D:5)
  4 hounds
  A gnoll bouda (D:4)
  6 jellies
  2 orc wizards (D:8)
  Natasha (thrice) (D:2)
  14 gnolls
  8 adders
  A shadow imp (D:5)
  2 ufetubi
  4 dart slugs
  16 orcs
  3 ball pythons
  5 endoplasms
  4 giant cockroaches
  5 goblins
  6 hobgoblins
  11 kobolds
  6 quokkas
  2 bats (D:2)
  A frilled lizard (D:3)
  6 rats
  A spectral hobgoblin (D:2)
143 creatures vanquished.

Notes
Turn   | Place    | Note
-------+----------+-------------------------------------------
     0 | D:1      | Joey1 the Minotaur Berserker began the quest for the Orb.
     0 | D:1      | Reached XP level 1. HP: 19/19 MP: 0/0
   206 | D:1      | Reached XP level 2. HP: 23/27 MP: 1/1
   664 | D:1      | Reached skill level 4 in Axes
   803 | D:2      | Found a faded altar of an unknown god.
   894 | D:2      | You fall into a shaft and drop 2 floors!
   930 | D:4      | Reached XP level 3. HP: 33/33 MP: 2/2
   937 | D:4      | Reached skill level 1 in Shields
  1091 | D:4      | Noticed a phantom
  1093 | D:4      | Reached ** piety under Trog
  1144 | D:4      | Killed a phantom
  1145 | D:4      | Reached XP level 4. HP: 38/41 MP: 3/3
  1145 | D:4      | Reached XP level 5. HP: 44/47 MP: 4/4
  1205 | D:3      | Found Ophieps's Vocational Training.
  1339 | D:2      | Noticed Natasha
  1344 | D:2      | Killed Natasha
  1350 | D:2      | Noticed Natasha
  1361 | D:2      | Killed Natasha
  1488 | D:2      | Found a runed translucent door.
  1489 | D:2      | Noticed Crazy Yiuf
  1535 | D:2      | Reached skill level 5 in Axes
  1661 | D:2      | Reached skill level 5 in Fighting
  1675 | D:2      | Noticed Natasha
  1678 | D:2      | Killed Natasha
  1822 | D:2      | Reached XP level 6. HP: 53/56 MP: 5/5
  2326 | D:3      | Found a sparkling altar of Nemelex Xobeh.
  2898 | D:5      | Entered Level 5 of the Dungeon
  2900 | D:5      | Reached skill level 6 in Axes
  2911 | D:4      | Reached *** piety under Trog
  3009 | D:5      | Noticed a water moccasin
  3082 | D:4      | Reached XP level 7. HP: 35/60 MP: 6/6
  3084 | D:4      | Reached skill level 5 in Shields
  3308 | D:5      | Reached skill level 7 in Axes
  3440 | D:5      | Reached XP level 8. HP: 43/68 MP: 7/7
  3484 | D:5      | Reached skill level 8 in Axes
  3630 | D:5      | Found a runed translucent gate.
  3630 | D:5      | Found a runed translucent gate.
  3630 | D:5      | Found a runed translucent gate.
  3639 | D:5      | Noticed ooooo's ghost (novice OpFE)
  4069 | D:5      | Reached skill level 9 in Axes
  4435 | D:6      | Noticed Dowan
  4437 | D:6      | Noticed Duvessa
  4452 | D:6      | Killed Duvessa
  4476 | D:6      | Killed Dowan
  4524 | D:6      | Reached skill level 10 in Axes
  4524 | D:6      | Reached XP level 9. HP: 74/74 MP: 8/8
  4590 | D:6      | Found a staircase to the Ecumenical Temple.
  5058 | D:7      | Found a broken altar of Ashenzari.
  5101 | D:7      | Noticed a kobold demonologist
  5102 | D:7      | Noticed Mightysalt's ghost (novice DrFE)
  5116 | D:7      | Noticed a troll
  5267 | D:7      | Reached **** piety under Trog
  5341 | D:7      | Noticed Edmund
  5349 | D:7      | Killed Edmund
  5457 | D:7      | Noticed Sigmund
  5467 | D:7      | Killed Sigmund
  5510 | D:7      | Reached skill level 10 in Shields
  5512 | D:7      | Reached skill level 11 in Axes
  5538 | D:7      | Found a runed translucent gate.
  5539 | D:7      | Found a runed translucent gate.
  5540 | D:7      | Found a runed translucent gate.
  5629 | D:7      | Found an iron altar of Okawaru.
  5993 | D:8      | Noticed a deep elf pyromancer
  6014 | D:8      | HP: 3/111 [fire elemental[a deep elf pyromancer] (12)]
  6019 | D:8      | HP: 1/74 [fire elemental[a deep elf pyromancer] (7)]
  6020 | D:8      | Slain by a fire elemental

Illustrated notes

Levels and vault maps discovered:
D:1:      dpeg_arrival_tiny_f, layout_basic
D:2:      cheibrodos_helix_gallery, layout_basic,
          dreamdust_ecumenical_altar_drowned_temple, uniq_natasha,
          uniq_crazy_yiuf_cottage
D:3:      layout_rooms, nemelex_diamond_rough_becter, nicolae_shop_vocational
D:4:      layout_rooms
D:5:      layout_cave_pools, gammafunk_ghost_icy
D:6:      layout_basic, minmay_temple_entry_arrows, uniq_duvessa
D:7:      layout_basic, okawaru_ov_weapons_minmay, nicolae_ashenzari_skybound,
          gammafunk_ghost_split, sigmund_edmund_badplayer
D:8:      layout_gridville, serial_shops, shop, serial_ice, serial_ice_d,
          serial_ice_l, serial_ice_e, serial_ice_n, serial_ice_a, serial_ice_f,
          uniq_maggie

Skill      XL: |  1  2  3  4  5  6  7  8  9 |
---------------+----------------------------+-----
Axes           | 4 5 6 7 10 11 | 11.7
Fighting       | 4 5 |  5.0
Armour         | 3 |  3.0
Shields        | 2 3 4 6 9 10 | 10.0
Dodging        | 3 4 |  4.0

Action                     |  1- 3 |  4- 6 |  7- 9 || total
---------------------------+-------+-------+-------++-------
  Melee: Hand axe          |    60 |   155 |   251 ||   466
         Headbutt          |     9 |    14 |    55 ||    78
         War axe           |       |       |    21 ||    21
 Invoke: Berserk           |     2 |     1 |     3 ||     6
         Trog's Hand       |       |       |     4 ||     4
    Use: Scroll            |       |       |     6 ||     6
         Potion            |       |       |     3 ||     3
 Armour: Chain mail        |    42 |   118 |   172 ||   332
         Animal skin       |     1 |       |       ||     1
  Dodge: Dodged            |    27 |    43 |    89 ||   159
  Block: Kite shield       |     7 |    59 |   131 ||   197

Table legend: (Time is in decaauts)
 A = Elapsed time spent in this place.
 B = Non-inter-level travel time spent in this place.
 C = Inter-level travel time spent in this place.
 D = Time resting spent in this place.
 E = Time spent auto-exploring this place.
 F = Levels seen in this place.
 G = Mean time per level.
                   A        B        C        D        E       F      G
               +--------+--------+--------+--------+--------+-----+--------+
         Total |   6090 |   5799 |    291 |    786 |   3801 |   8 |  761.2 |
       Dungeon |   6090 |   5799 |    291 |    786 |   3801 |   8 |  761.2 |
               +--------+--------+--------+--------+--------+-----+--------+

Top non-repeatable levels by time:
     D:4: 1096 daAuts
     D:5: 1058 daAuts
     D:2: 1008 daAuts
     D:7: 914 daAuts
     D:1: 796 daAuts
     D:6: 605 daAuts
     D:3: 553 daAuts
     D:8: 56 daAuts
